 Dungeon Crawl Stone Soup version 0.26-a0-1139-g7d2dc893a1 (webtiles) character file.

Game seed: 701723686988104898

113 Dracia the Skirmisher (level 4, 0/37 HPs)
             Began as a Demonspawn Monk on Dec 22, 2020.
             Succumbed to a worker ant's poison
             ... on level 4 of the Dungeon.
             The game lasted 00:05:33 (3176 turns).

Dracia the Skirmisher (Demonspawn Monk)             Turns: 3176, Time: 00:05:33

Health: 0/37       AC:  9    Str: 11 (13) XL:     4   Next: 65%
Magic:  4/4        EV:  5    Int: 11      God:
Gold:   196        SH:  7    Dex: 14 (15) Spells: 3/3 levels left

rFire    . . .     SeeInvis .   a - +0 short sword
rCold    . . .     Faith    .   i - +3 buckler
rNeg     . . .     Spirit   +   d - +0 chain mail
rPois    .         Reflect  .   (helmet restricted)
rElec    .         Harm     .   (no cloak)
rCorr    .         Rampage  .   g - +0 pair of gloves
Will     .....                  (no boots)
Stlth    ..........             (no amulet)
HPRegen  0.12/turn              (no ring)
MPRegen  0.09/turn              (no ring)

@: lethally poisoned (0 -> -1), berserk cooldown, attractive, slowed, very slow
A: antennae 1, magic shield
a: no special abilities


You were on level 4 of the Dungeon.
You visited 1 branch of the dungeon, and saw 4 of its levels.

You collected 196 gold pieces.


Innate Abilities, Weirdness & Mutations

You have a pair of small antennae on your head.
When hurt, damage is shared between your health and your magic reserves.


   Skills:
 * Level 4.3 Fighting
 - Level 2.6 Short Blades
 + Level 1.5 Armour
 + Level 3.3 Dodging
 - Level 1.7 Stealth
 + Level 1.0 Shields


You had 3 spell levels left.
You didn't know any spells.
Your spell library contained the following spells:

 Spells                   Type           Power        Failure   Level
 Corona                   Hex            0%           100%        1
 Ensorcelled Hibernation  Hex/Ice        0%           100%        2
 Confusing Touch          Hex            0%           100%        3
 Dazzling Flash           Conj/Hex       0%           100%        3
 Tukima's Dance           Hex            0%           100%        3

Inventory:

Hand Weapons
 a - a +0 short sword (weapon)
Missiles
 j - 17 poisoned darts (quivered)
Armour
 b - a +0 robe
 d - a +0 chain mail (worn)
 g - a +0 pair of gloves (worn)
 i - a +3 buckler (worn)
Jewellery
 k - an uncursed amulet of inaccuracy
Wands
 m - a wand of flame (17)
Scrolls
 c - 2 scrolls of remove curse {@r2@r2}
 e - a scroll of teleportation {unknown}
 f - a scroll of blinking {unknown}
 h - 3 scrolls of identify {@r1@r1}
 o - a scroll of enchant armour

Dungeon Overview and Level Annotations

Branches:
Dungeon (4/15)             Temple (0/1) D:4

Altars:
Makhleb
Okawaru
Uskayaw
Xom

Annotations:
D:4 1 runed translucent door, Luthais's ghost, novice MiBe

.....(.##.#.#...#....#...........
..........#.#.>.#.##.#...........
........#............#...##..###.
........#....#.#.#...#...##..# #.
..$.......##.#.#.#.#.'.......#...
.......#...........#.#.......#...
.......#.#.#.##.#....#.......#...
...?.....#.#....#.##.#.......#
................@....#.......#
#########.##'####....#.......#
##.....[##...####.....#
#.......##...# #.....#
#.......#...... #.......#.......
#.......#........
#.......##.....## ##......#


There were no monsters in sight!


Message History

The worker ant is almost dead.
The worker ant bites you but does no damage.
You hit the worker ant.
You kill the worker ant!
You feel sick.
You feel your dexterity returning.
Your Shields skill increases to level 1!
You feel a strong urge to attack something.
You feel sick.
You feel your anger nearly subside.
You are no longer berserk.
You pass out from exhaustion.
You feel yourself slow down.
* * * LOW HITPOINT WARNING * * *
You feel sick.
You can move again.
There is a lethal amount of poison in your body!
Unknown command.
* * * LOW HITPOINT WARNING * * *
You feel sick.
* * * LOW HITPOINT WARNING * * *
You feel sick.
* * * LOW HITPOINT WARNING * * *
You feel sick.
* * * LOW HITPOINT WARNING * * *
You feel sick.
* * * LOW HITPOINT WARNING * * *
You feel sick.
* * * LOW HITPOINT WARNING * * *
You feel sick.
You die...

Skill      XL: |  1  2  3  4 |
---------------+-------------+-----
Dodging        | 3 |  3.3
Armour         | 1 |  1.5
Fighting       | 4 |  4.3
Shields        | 1 |  1.0
Short Blades   | |  2.6
Stealth        | |  1.7

Action                   |  1- 3 |  4- 6 || total
-------------------------+-------+-------++-------
Melee: Short sword       |   210 |    98 ||   308
  Use: Scroll            |     4 |       ||     4
       Potion            |     3 |     2 ||     5
 Stab: Sleeping          |     1 |       ||     1
Armor: Chain mail        |   143 |    60 ||   203
       Robe              |     4 |       ||     4
Dodge: Dodged            |    53 |    27 ||    80
Block: Buckler           |    40 |    26 ||    66

Levels and vault maps discovered:
D:1:      onia_arrival_mini_spirals, layout_basic
D:2:      layout_basic, overflow_temple_1_default,
          nicolae_overflow_crystal_walls, minmay_misc_feat_alley
D:3:      minmay_spotlight, layout_basic, okawaru_gym_becter,
          nicolae_xom_altar_mimics, serial_corexii_hall, corexii_hall_statues_i,
          corexii_hall_statues_deadend
D:4:      layout_gridville, minmay_temple_entry_ruins, gammafunk_ghost_grave,
          nrook_mini_vaults

Notes
Turn   | Place    | Note
-------+----------+-------------------------------------------
     0 | D:1      | Dracia the Demonspawn Monk began the quest for the Orb.
     0 | D:1      | Reached XP level 1. HP: 18/18 MP: 1/1
   449 | D:1      | Gained mutation: You have a pair of small antennae on your
                  | head. [demonic ancestry]
   449 | D:1      | Reached XP level 2. HP: 24/24 MP: 2/2
   883 | D:1      | Reached skill level 3 in Dodging
  1078 | D:1      | Reached skill level 1 in Armour
  1078 | D:1      | Reached XP level 3. HP: 29/29 MP: 3/3
  1319 | D:2      | HP: 4/45 [poisoned by an adder]
  1740 | D:2      | Found a burning altar of Makhleb.
  2026 | D:2      | Reached skill level 4 in Fighting
  2080 | D:2      | Found a hide-covered altar of Uskayaw.
  2366 | D:3      | Gained mutation: When hurt, damage is shared between your
                  | health and your magic reserves. [demonic ancestry]
  2366 | D:3      | Reached XP level 4. HP: 34/37 MP: 4/4
  2480 | D:3      | Found a shimmering altar of Xom.
  2484 | D:3      | Found a shimmering altar of Xom.
  2484 | D:3      | Found a shimmering altar of Xom.
  2486 | D:3      | Found a shimmering altar of Xom.
  2486 | D:3      | Found a shimmering altar of Xom.
  2488 | D:3      | Found a shimmering altar of Xom.
  2488 | D:3      | Found a shimmering altar of Xom.
  2837 | D:3      | Found an iron altar of Okawaru.
  3026 | D:4      | Found a runed translucent door.
  3028 | D:4      | Noticed Luthais's ghost (novice MiBe)
  3106 | D:4      | Found a staircase to the Ecumenical Temple.
  3157 | D:4      | Reached skill level 1 in Shields
  3164 | D:4      | HP: 3/37 [poisoned by a worker ant]
  3171 | D:4      | HP: 1/37 [poisoned by a worker ant]
  3176 | D:4      | Succumbed to a worker ant's poison

Vanquished Creatures
  A worker ant (D:4)
  2 adders (D:2)
  A howler monkey skeleton (D:4)
  An ooze (D:1)
  A dart slug (D:2)
  2 orcs (D:3)
  6 bats
  A giant cockroach (D:1)
  4 goblins
  8 hobgoblins
  6 jackals (D:3)
  A quokka (D:2)
  A ball python (D:3)
  4 frilled lizards
  A jackal skeleton (D:4)
  8 kobolds
  5 rats
53 creatures vanquished.

Table legend: (Time is in decaauts)
 A = Elapsed time spent in this place.
 B = Non-inter-level travel time spent in this place.
 C = Inter-level travel time spent in this place.
 D = Time resting spent in this place.
 E = Time spent auto-exploring this place.
 F = Levels seen in this place.
 G = Mean time per level.
                   A        B        C        D        E       F      G
               +--------+--------+--------+--------+--------+-----+--------+
         Total |   3179 |   3070 |    109 |    369 |   2138 |   4 |  794.8 |
       Dungeon |   3179 |   3070 |    109 |    369 |   2138 |   4 |  794.8 |
               +--------+--------+--------+--------+--------+-----+--------+

Top non-repeatable levels by time:
     D:1: 1221 daAuts
     D:2: 929 daAuts
     D:3: 823 daAuts
     D:4: 205 daAuts

Table legend:
 A = Non-vault XP
 B = Vault XP
 C = Vault XP percentage of total XP
 D = Non-vault monster count
 E = Vault monster count
 F = Vault count percentage of total count
                 A         B        C        D         E       F
            +---------+---------+-------+---------+---------+-------
      Total |     161 |       1 |   0.6 |      52 |       1 |   1.9
            +---------+---------+-------+---------+---------+-------
        D:1 |      43 |       0 |   0.0 |      24 |       0 |   0.0
        D:2 |      47 |       0 |   0.0 |      13 |       0 |   0.0
        D:3 |      23 |       1 |   4.2 |      12 |       1 |   7.7
        D:4 |      48 |       0 |   0.0 |       3 |       0 |   0.0
            +---------+---------+-------+---------+---------+-------
